 Dungeon Crawl Stone Soup version 0.21.1-1-g345015f (webtiles) character file.

373 aMcNicky the Shield-Bearer (level 6, -2/43 HPs)
             Began as an Octopode Fighter on Mar 9, 2018.
             Was a Follower of Makhleb.
             Slain by an ogre
             ... wielding a +0 giant spiked club
              (31 damage)
             ... on level 4 of the Dungeon.
             The game lasted 00:11:24 (3035 turns).

aMcNicky the Shield-Bearer (Octopode Fighter)       Turns: 3035, Time: 00:11:25

Health: -2/43      AC:  1    Str: 23    XL:     6   Next: 72%
Magic:  6/6        EV: 12    Int: 13    God:    Makhleb [*.....]
Gold:   122        SH: 10    Dex: 11    Spells: 5/5 levels left

rFire    . . .     SeeInvis .   a - +0 trident
rCold    . . .     Gourm    +   b - +0 shield
rNeg     . . .     Faith    .   (helmet restricted)
rPois    .         Spirit   .   p - amulet of the gourmand
rElec    .         Reflect  .   s - +3 ring of intelligence
rCorr    .         Harm     .   (no ring)
MR       .....                  (no ring)
Stlth    ++........             (no ring)
HPRegen  0.14/turn              (no ring)
MPRegen  0.10/turn              (no ring)
                                (no ring)
                                (no ring)

@: mighty
A: almost no armour, stealthy swim, amphibious, 8 rings, constrict 8, camouflage
1, gelatinous body 1
a: Renounce Religion


You were on level 4 of the Dungeon.
You worshipped Makhleb.
Makhleb was aware of your devotion.
You were very full.

You visited 1 branch of the dungeon, and saw 4 of its levels.

You collected 122 gold pieces.

Inventory:

Hand Weapons
 a - a +0 trident (weapon)
 t - a +0 war axe of venom
Armour
 b - a +0 shield (worn)
 u - a +0 scale mail
Jewellery
 m - an uncursed amulet of harm
 p - an amulet of the gourmand (around mantle)
 s - a +3 ring of intelligence (left tentacle)
 w - an uncursed ring of ice
Scrolls
 e - a scroll of enchant armour {unknown}
 h - a scroll of teleportation {unknown}
 j - 2 scrolls of identify {@r1}
 k - 2 scrolls of amnesia {unknown}
 o - a scroll of enchant weapon {unknown}
 r - a scroll of random uselessness {unknown}
 v - a scroll of immolation {unknown}
 x - a scroll of fear {unknown}
Potions
 c - a potion of might
 f - 2 potions of agility {unknown}
 g - a potion of mutation {unknown}
 i - a potion of magic {unknown}
 l - 2 potions of curing {unknown}
 n - 2 potions of lignification {unknown}
 q - 2 potions of brilliance {unknown}
 z - a potion of berserk rage {unknown}
Comestibles
 d - 6 rations


   Skills:
 + Level 4.0 Fighting
 * Level 4.3 Polearms
 + Level 4.1 Dodging
 * Level 4.6 Shields


You had 5 spell levels left.
You didn't know any spells.

Dungeon Overview and Level Annotations

Branches:
Dungeon (4/15)
 Temple: D:4-7

Altars:
Ashenzari
Makhleb


Innate Abilities, Weirdness & Mutations

You cannot wear most types of armour.
You are very stealthy in the water. (Stealth+)
You are amphibious.
You can wear up to eight rings at the same time.
You can use your tentacles to constrict eight enemies at once.
Your skin changes colour to match your surroundings (Stealth+).
Your rubbery body absorbs attacks. (AC +1, EV +1)


Message History

You block the ogre's attack.
You feel very mighty all of a sudden.
You barely miss the ogre.
The ogre is severely wounded.
The ogre barely misses you.
You hit the ogre.
The ogre is almost dead.
The ogre hits you with a giant spiked club!
You puncture the ogre!
You kill the ogre!
Makhleb accepts your kill.
Your Fighting skill increases to level 4!
You puncture the adder skeleton!
You destroy the adder skeleton!
Makhleb accepts your kill.
You puncture the ogre!
The ogre is heavily wounded.
The ogre hits you with a giant spiked club!!
Ouch! That really hurt!
You die...

#.....##..#.#
#.######.#..#
#..#####...##
##........#####
####.........#
#.##....###
#.........###
#.##........#
#@##....##..######
#O##.##...........
#.##.###...##...#
#..$.##.# #...#..#
#.......#
#......##
#....####
#.......# #....#
#...##..### #....#
#...#...... #....#
#...#...)..


You could see an ogre.

Vanquished Creatures
  2 ogres (D:4)
  A worker ant (D:3)
  4 gnolls (D:2)
  3 adders
  An adder skeleton (D:4)
  A worm (D:2)
  3 dart slugs
  3 leopard geckos
  4 orcs (D:3)
  16 giant cockroaches
  11 goblins
  10 hobgoblins
  8 jackals
  2 quokkas (D:3)
  A ball python (D:2)
  3 bats
  6 frilled lizards
  6 kobolds
  A leopard gecko skeleton (D:4)
  16 rats
102 creatures vanquished.

Notes
Turn   | Place    | Note
-------+----------+-------------------------------------------
     0 | D:1      | aMcNicky the Octopode Fighter began the quest for the Orb.
     0 | D:1      | Reached XP level 1. HP: 16/16 MP: 1/1
   237 | D:1      | Reached XP level 2. HP: 21/21 MP: 2/2
   599 | D:1      | Reached XP level 3. HP: 26/26 MP: 3/3
  1046 | D:2      | Reached XP level 4. HP: 31/31 MP: 4/4
  1531 | D:2      | Found a burning altar of Makhleb.
  1534 | D:2      | Became a worshipper of Makhleb the Destroyer
  1974 | D:3      | Found a shattered altar of Ashenzari.
  1994 | D:3      | Reached XP level 5. HP: 36/36 MP: 5/5
  2201 | D:3      | Reached * piety under Makhleb
  2678 | D:4      | Noticed an ogre
  2686 | D:4      | Killed an ogre
  2686 | D:4      | Reached XP level 6. HP: 11/43 MP: 6/6
  3035 | D:4      | Slain by an ogre

Skill      XL: |  1  2  3  4  5  6 |
---------------+-------------------+-----
Polearms       | 3 4 |  4.3
Shields        | 4 |  4.6
Dodging        | 4 |  4.1
Fighting       | 4 |  4.0

Action                   |  1- 3 |  4- 6 || total
-------------------------+-------+-------++-------
Melee: Trident           |    82 |   141 ||   223
       Constrict         |    18 |    35 ||    53
       Tentacles         |    12 |    25 ||    37
  Use: Scroll            |     1 |     3 ||     4
       Potion            |       |     1 ||     1
 Stab: Sleeping          |    13 |    14 ||    27
  Eat: Chunk             |       |    20 ||    20
Armor: Skin              |     3 |     6 ||     9
Dodge: Dodged            |    23 |    38 ||    61
Block: Shield            |    21 |    45 ||    66
